 Dungeon Sprint DCSS version 0.30-a0-830-gfe289a77b0 (webtiles) character file.

Game seed: 10421256942316889259

34778 rocky1 the Black Belt (level 13, -3/171 HPs)
             Began as a Gnoll Transmuter on Mar 1, 2023.
             Was the Champion of Cheibriados.
             Slain by an orc knight
             ... wielding a +0 great mace
              (16 damage)
             ... in the Dungeon (Sprint VII: "The Pits").
             The game lasted 00:16:42 (4323 turns).

rocky1 the Black Belt (Gnoll Transmuter)            Turns: 4323, Time: 00:16:43

Health: -3/171     AC: 16    Str: 32    XL:     13   Next: 79%
Magic:  27/32      EV: 22    Int: 36    God:    Cheibriados [******]
Gold:   26         SH:  0    Dex: 30    Spells: 5/42 levels left

rFire   + + +      SeeInvis .      - Unarmed
rCold   . . .      Faith    .    (shield currently unavailable)
rNeg    + + .      Spirit   .    (body armour currently unavailable)
rPois   +          Reflect  .    (helmet currently unavailable)
rElec   +          Harm     .    (cloak currently unavailable)
rCorr   .          Rampage  .    (gloves currently unavailable)
Will    .....      NoTele   +    (boots currently unavailable)
Stlth   +++++++                  U - amulet of Lies {RegenMP rF+ Int+3}
HPRegen 0.48/turn                E - ring of Attitude {Wiz rElec}
MPRegen 0.63/turn                z - ring "Ironir" {rC+ rN++ Str-2 Dex+2 Slay+3}

@: dragon-form, flying, studying Armour, very slow
A: dragon claw, dragon scales, breathe fire, flying, boosted hp, giant, (fangs
1), strong nose, distributed training
a: Breathe Fire, End Transformation, Renounce Religion, Bend Time, Temporal
Distortion, Slouch, Step From Time


You were in the Dungeon.
You worshipped Cheibriados.
Cheibriados was exalted by your worship.
You were a fearsome dragon!
You visited 1 branch You collected 26 gold pieces.

Inventory:

Armour
 a - a +0 robe (melded)
 p - a +0 pair of gloves (melded)
 q - a +0 helmet (melded)
 s - a +0 cloak (melded)
Jewellery
 z - the ring "Ironir" (right foreclaw) {rC+ rN++ Str-2 Dex+2 Slay+3}
   (You found it in the Dungeon)

   [ring of protection from cold]

   Str:       It affects your strength (-2).
   Dex:       It affects your dexterity (+2).
   Slay:      It affects your accuracy & damage with ranged weapons and melee
   (+3).
   rC:        It protects you from cold.
   rN:        It greatly protects you from negative energy.
 B - a +5 ring of slaying
 E - the ring of Attitude (left foreclaw) {Wiz rElec}
   (You found it in the Dungeon)

   [ring of wizardry]

   It improves your spell success rate.
   rElec:     It insulates you from electricity.
 I - the ring "Vashagra" {Fire rElec rPois Str+3 Dex+3}
   (You found it in the Dungeon)

   [ring of fire]

   It enhances your fire magic.
   Str:       It affects your strength (+3).
   Dex:       It affects your dexterity (+3).
   rF:        It protects you from fire.
   rC:        It makes you vulnerable to cold.
   rElec:     It insulates you from electricity.
   rPois:     It protects you from poison.
 P - the ring "Cittips" {Contam rPois rC++ Dex+3 SInv}
   (You found it in the Dungeon)

   [ring of see invisible]

   Dex:       It affects your dexterity (+3).
   rC:        It greatly protects you from cold.
   rPois:     It protects you from poison.
   SInv:      It lets you see invisible.
   Contam:    It causes magical contamination when unequipped.
 R - the amulet "Xocojip" {Fragile rElec rF+ Regen+ Int+6}
   (You found it in the Dungeon)

   [amulet of regeneration]

   Int:       It affects your intelligence (+6).
   rF:        It protects you from fire.
   rElec:     It insulates you from electricity.
   Regen:     It increases your rate of health regeneration.
   Fragile:   It will be destroyed if unequipped.
 T - the ring "Hiawewul" {rC+ Will++ Str+3}
   (You found it in the Dungeon)

   [ring of protection from cold]

   Str:       It affects your strength (+3).
   rC:        It protects you from cold.
   Will:      It greatly increases your willpower.
 U - the amulet of Lies (around neck) {RegenMP rF+ Int+3}
   (You found it in the Dungeon)

   [amulet of magic regeneration]

   It increases your rate of magic regeneration.
   Int:       It affects your intelligence (+3).
   rF:        It protects you from fire.
Wands
 D - a wand of roots (3)
Scrolls
 h - a scroll of blinking
 j - 5 scrolls of amnesia
 k - a scroll of summoning
 v - 2 scrolls of enchant weapon
 w - 2 scrolls of enchant armour
 x - a scroll of identify
 y - a scroll of fog
Potions
 b - a potion of lignification
 c - 10 potions of curing
 d - 7 potions of heal wounds
 f - 9 potions of magic
 g - 4 potions of berserk rage
 i - 2 potions of invisibility
 n - 2 potions of brilliance
 o - 5 potions of mutation
 r - 2 potions of flight
 u - a potion of resistance


   Skills:
 + Level 14.5 Fighting
 + Level 14.2 Short Blades
 + Level 14.2 Long Blades
 + Level 14.2 Axes
 + Level 14.2 Maces & Flails
 + Level 14.2 Polearms
 + Level 14.2 Staves
 + Level 14.2 Ranged Weapons
 + Level 14.2 Throwing
 + Level 14.4 Armour
 + Level 14.9 Dodging
 + Level 14.2 Stealth
 + Level 14.2 Shields
 + Level 15.5 Unarmed Combat
 + Level 15.0 Spellcasting
 + Level 12.1 Conjurations
 + Level 12.1 Hexes
 + Level 12.1 Summonings
 + Level 12.1 Necromancy
 + Level 12.1 Translocations
 + Level 12.7 Transmutations
 + Level 12.1 Fire Magic
 + Level 12.1 Ice Magic
 + Level 12.1 Air Magic
 + Level 12.1 Earth Magic
 + Level 12.1 Poison Magic
 + Level 15.4 Invocations
 + Level 14.2 Evocations


You had 5 spell levels left.
You knew the following spells:

 Your Spells              Type           Power      Damage    Failure   Level
a - Beastly Appendage     Tmut           100%       N/A       0%          1
b - Wereblood             Tmut           87%        N/A       0%          2
c - Spider Form           Tmut/Pois      86%        N/A       1%          3
d - Ice Form              Ice/Tmut       86%        N/A       1%          4
e - Magic Dart            Conj           100%       1d8       0%          1
f - Malign Gateway        Summ/Tloc      42%        N/A       3%          7
g - Dragon Form           Tmut           43%        N/A       2%          7
h - Storm Form            Tmut/Air       43%        N/A       2%          7
i - Irradiate             Conj/Tmut      43%        3d26      1%          5

Your spell library contained the following spells:

 Spells                   Type           Power      Damage    Failure   Level
 Call Imp                 Summ           85%        N/A       0%          2
 Cigotuvi's Dreadful Rot  Necr/Pois/Air  100%       N/A       0%          2
 Lesser Beckoning         Tloc           100%       N/A       0%          2
 Momentum Strike          Conj/Tloc      100%       3d10      0%          2
 Call Canine Familiar     Summ           85%        N/A       1%          3
 Gell's Gravitas          Tloc           85%        N/A       1%          3
 Inner Flame              Hex/Fire       85%        N/A       1%          3
 Kindle Blastsparks       Fire/Tloc/Air  100%       2d18      1%          3
 Mephitic Cloud           Conj/Pois/Air  85%        N/A       1%          3
 Portal Projectile        Hex/Tloc       100%       N/A       1%          3
 Teleport Other           Tloc           85%        N/A       1%          3
 Tukima's Dance           Hex            85%        N/A       1%          3
 Vampiric Draining        Necr           85%        2d12      1%          3
 Vhi's Electric Charge    Tloc/Air       100%       N/A       1%          3
 Dispel Undead            Necr           85%        3d27      1%          4
 Fulminant Prism          Conj/Hex       42%        3d19      1%          4
 Iskenderun's Mystic Bla  Conj/Tloc      85%        2d17      1%          4
 Leda's Liquefaction      Hex/Erth       42%        N/A       1%          4
 Passage of Golubria      Tloc           85%        N/A       1%          4
 Summon Lightning Spire   Summ/Air       85%        N/A       1%          4
 Alistair's Intoxication  Tmut/Pois      57%        N/A       1%          5
 Blade Hands              Tmut           43%        N/A       1%          5
 Borgnjor's Vile Clutch   Necr/Erth      42%        N/A       1%          5
 Lee's Rapid Deconstruct  Erth           42%        3d21*     1%          5
 Metabolic Englaciation   Hex/Ice        42%        N/A       1%          5
 Death Channel            Necr           42%        N/A       1%          6
 Eringya's Noxious Bog    Tmut/Pois      43%        N/A       1%          6
 Enfeeble                 Hex            42%        N/A       3%          7
 Maxwell's Capacitive Co  Air            42%        ∞         26%         8
 Summon Horrible Things   Summ           42%        N/A       26%         8
 Chain Lightning          Conj/Air       42%        3d56      98%         9
 Death's Door             Necr           42%        N/A       98%         9
 Fire Storm               Conj/Fire      42%        8d11      98%         9
 Shatter                  Erth           42%        3d33*     98%         9


Dungeon Overview and Level Annotations

Branches:
Dungeon (1/1)

Altars:
Ashenzari
Cheibriados
Dithmenos
Elyvilon
Fedhas
Gozag
Hepliaklqana
Kikubaaqudgha
Makhleb
Nemelex Xobeh
Okawaru
Qazlal
Ru
Sif Muna
Trog
Uskayaw
Vehumet
Wu Jian
Xom
Yredelemnul
Zin
The Shining One
Jiyva
Lugonu


Innate Abilities, Weirdness & Mutations

You are a fearsome dragon!
You have a powerful clawing attack.
Your giant scaled body is strong and resiliant, but less evasive.
You can breathe fire.
You are flying.
Your maximum health is greatly increased.
Your armour is entirely melded.
You are incapable of wielding weapons or throwing items.
((You have very sharp teeth.))
Your uncanny sense of smell can sniff out nearby items.
Your experience applies equally to all skills.


Message History

The orc knight closely misses you.
You hit the orc warlord.
You tail-slap the orc warlord, but do no damage.
The orc warlord is lightly wounded.
The orc knight hits you from afar with a +2 halberd of venom!!
You maul the orc warlord!!!
The orc warlord is heavily wounded.
The orc warlord hits you with a +0 battleaxe!
The orc knight roars a battlecry!
The orc knight hits you from afar with a +2 halberd of venom!!
You bite the orc warlord!!
The orc warlord is severely wounded.
The orc warlord hits you with a +3 great mace of protection.
The orc knight misses you. The orc warlord closely misses you.
You maul the orc warlord!!!
You kill the orc warlord!
Cheibriados thoroughly appreciates the change of pace.
The orc knight no longer looks unusually strong.
You claw the orc knight!
You claw the orc knight, but do no damage.
The orc knight is lightly wounded.
The orc knight completely misses you.
The orc knight roars a battlecry!
The orc knight goes into a battle-frenzy!
The orc warlord hits you with a +0 battleaxe!!!
You barely miss the orc knight.
The orc knight is lightly wounded.
The orc knight hits you with a +0 great mace!
* * * LOW HITPOINT WARNING * * *
The orc warlord barely misses you.
The orc knight hits you from afar with a +2 halberd of venom!
* * * LOW HITPOINT WARNING * * *
Activating: Slouch (0% risk of failure)
Press: ? - help, Dir - look around, f - activate You can feel time thicken for a moment.
The orc warlord hits you with a +0 battleaxe!!
* * * LOW HITPOINT WARNING * * *
The orc knight completely misses you.
The orc knight hits you with a +0 great mace!
You die...

∆∆ ∆∆ ∆∆∆∆ ∆∆ ∆∆∆∆ ∆∆
#++#############################
#..............)o...............
#..............DoEo.............
#..##############o'#############
#..#∆∆ ∆∆ ∆∆∆∆ .....#∆∆∆∆ ∆∆ ∆∆
#).#∆∆ ∆∆ E.....# ∆∆ ∆∆ #..#
#..o...# #..# ###o.### #..#


oo.D #..# ooo. ##..# You could see an orc warlord (strong), 3 orc knights and an
earth elemental.

Vanquished Creatures
  3 liches (D)
  A storm dragon (D)
  A nagaraja (D)
  A draconian shifter (D)
  An orc warlord (D)
  2 deep elf sorcerers (D)
  A deep elf annihilator (D)
  2 deep elf demonologists (D)
  A black draconian (D)
  A purple draconian (D)
  A deep elf death mage (D)
  An ice dragon (D)
  Josephine (D)
  An ogre mage (D)
  A boulder beetle (D)
  A two-headed ogre (D)
  A centaur warrior (D)
  2 vampire magi (D)
  A sun demon (D)
  A shadow wraith (D)
  A salamander mystic (D)
  A sea snake (D)
  A naga ritualist (D)
  2 swamp dragons (D)
  A deep troll (D)
  A phantasmal warrior (D)
  A manticore (D)
  Maurice (D)
  2 black mambas (D)
  A smoke demon (D)
  5 naga magi (D)
  A cane toad (D)
  An efreet (D)
  3 rime drakes (D)
  Psyche (D)
  An ice devil (D)
  2 hornets (D)
  A merfolk (D)
  A tarantella (D)
  3 slime creatures (D)
  A snapping turtle (D)
  4 dream sheep (D)
  2 jumping spiders (D)
  3 wraiths (D)
  A fire bat (D)
  Eustachio (D)
  A chaos spawn (D)
  4 redbacks (D)
  6 nagas (D)
  A warg (D)
  A water moccasin (D)
  A floating eye (D)
  A sky beast (D)
  2 centaurs (D)
  A phantom (D)
  A scorpion (D)
  12 wights (D)
  A small abomination (D)
  4 killer bees (D)
  A crimson imp (D)
  An orc priest (D)
  A jelly (D)
  A gnoll bouda (D)
  An iguana (D)
  2 hell rats (D)
  4 gnolls (D)
  A river rat (D)
  An ufetubus (D)
  An adder zombie (D)
  3 orcs (D)
  2 endoplasms (D)
  A hobgoblin (D)
  6 jackals (D)
  2 kobolds (D)
  A bat (D)
  A frilled lizard (D)
134 creatures vanquished.

Vanquished Creatures (others)
  A lich (D)
  A nagaraja (D)
  A giant cockroach zombie (D)
3 creatures vanquished.

Grand Total: 137 creatures vanquished

Notes
Turn   | Place    | Note
-------+----------+-------------------------------------------
     0 | D        | rocky1 the Gnoll Transmuter began the quest for the Orb.
     0 | D        | Reached XP level 1. HP: 17/17 MP: 6/6
    41 | D        | Found a bloodstained altar of Trog.
    41 | D        | Found a shimmering blue altar of Sif Muna.
    41 | D        | Found a viscous altar of Jiyva.
    41 | D        | Found a hazy altar of Hepliaklqana.
    41 | D        | Found an opulent altar of Gozag.
    42 | D        | Found a glowing golden altar of the Shining One.
    42 | D        | Found a glowing silver altar of Zin.
    42 | D        | Found a basalt altar of Yredelemnul.
    42 | D        | Found a shimmering altar of Xom.
    42 | D        | Found an ornate altar of the Wu Jian Council.
    42 | D        | Found a sacrificial altar of Ru.
    42 | D        | Found a stormy altar of Qazlal.
    42 | D        | Found an iron altar of Okawaru.
    42 | D        | Found a sparkling altar of Nemelex Xobeh.
    42 | D        | Found a burning altar of Makhleb.
    42 | D        | Found a blossoming altar of Fedhas.
    42 | D        | Found a white marble altar of Elyvilon.
    42 | D        | Found a shadowy altar of Dithmenos.
    42 | D        | Found a snail-covered altar of Cheibriados.
    45 | D        | Found a corrupted altar of Lugonu.
    45 | D        | Found a radiant altar of Vehumet.
    46 | D        | Found an ancient bone altar of Kikubaaqudgha.
    46 | D        | Found a hide-covered altar of Uskayaw.
    46 | D        | Found a broken altar of Ashenzari.
    53 | D        | Became a worshipper of Cheibriados the Contemplative
    77 | D        | Reached skill level 5 in Spellcasting
    86 | D        | Reached * piety under Cheibriados
    87 | D        | Reached skill level 1 in Invocations
    91 | D        | Reached ** piety under Cheibriados
    92 | D        | Reached skill level 1 in Short Blades
    92 | D        | Reached skill level 1 in Long Blades
    92 | D        | Reached skill level 1 in Axes
    92 | D        | Reached skill level 1 in Maces & Flails
    92 | D        | Reached skill level 1 in Polearms
    92 | D        | Reached skill level 1 in Staves
    92 | D        | Reached skill level 1 in Ranged Weapons
    92 | D        | Reached skill level 1 in Throwing
    92 | D        | Reached skill level 1 in Armour
    92 | D        | Reached skill level 1 in Stealth
    92 | D        | Reached skill level 1 in Shields
    92 | D        | Reached skill level 1 in Evocations
    93 | D        | Reached skill level 1 in Conjurations
    93 | D        | Reached skill level 1 in Hexes
    93 | D        | Reached skill level 1 in Summonings
    93 | D        | Reached skill level 1 in Necromancy
    93 | D        | Reached skill level 1 in Translocations
    93 | D        | Reached skill level 1 in Fire Magic
    93 | D        | Reached skill level 1 in Ice Magic
    93 | D        | Reached skill level 1 in Air Magic
    93 | D        | Reached skill level 1 in Earth Magic
    93 | D        | Reached skill level 1 in Poison Magic
    93 | D        | Reached XP level 2. HP: 15/23 MP: 8/8
   407 | D        | Noticed a floating eye
   409 | D        | Reached *** piety under Cheibriados
   414 | D        | Killed a floating eye
   415 | D        | Reached skill level 5 in Dodging
   415 | D        | Reached XP level 3. HP: 29/30 MP: 8/10
   415 | D        | Reached XP level 4. HP: 36/37 MP: 9/12
   417 | D        | Reached **** piety under Cheibriados
   428 | D        | Learned a level 2 spell: Wereblood
   432 | D        | Learned a level 3 spell: Spider Form
   437 | D        | Learned a level 4 spell: Ice Form
   484 | D        | Reached skill level 5 in Transmutations
   484 | D        | Reached XP level 5. HP: 43/43 MP: 7/13
   489 | D        | Noticed a water moccasin
   490 | D        | Noticed a sky beast
   492 | D        | Reached ***** piety under Cheibriados
   493 | D        | Reached skill level 5 in Fighting
   493 | D        | Reached XP level 6. HP: 39/51 MP: 9/15
   500 | D        | Killed a sky beast
   500 | D        | Killed a water moccasin
   501 | D        | Reached skill level 5 in Short Blades
   501 | D        | Reached skill level 5 in Long Blades
   501 | D        | Reached skill level 5 in Axes
   501 | D        | Reached skill level 5 in Maces & Flails
   501 | D        | Reached skill level 5 in Polearms
   501 | D        | Reached skill level 5 in Staves
   501 | D        | Reached skill level 5 in Ranged Weapons
   501 | D        | Reached skill level 5 in Throwing
   501 | D        | Reached skill level 5 in Armour
   501 | D        | Reached skill level 5 in Stealth
   501 | D        | Reached skill level 5 in Shields
   501 | D        | Reached skill level 5 in Evocations
   501 | D        | Reached XP level 7. HP: 40/58 MP: 5/18
   798 | D        | Reached ****** piety under Cheibriados
   805 | D        | Noticed a warg
   810 | D        | Killed a warg
   811 | D        | Reached skill level 5 in Conjurations
   811 | D        | Reached skill level 5 in Hexes
   811 | D        | Reached skill level 5 in Summonings
   811 | D        | Reached skill level 5 in Necromancy
   811 | D        | Reached skill level 5 in Translocations
   811 | D        | Reached skill level 5 in Fire Magic
   811 | D        | Reached skill level 5 in Ice Magic
   811 | D        | Reached skill level 5 in Air Magic
   811 | D        | Reached skill level 5 in Earth Magic
   811 | D        | Reached skill level 5 in Poison Magic
   820 | D        | Noticed a black mamba
   820 | D        | Noticed a merfolk
   825 | D        | Killed a black mamba
   826 | D        | Reached XP level 8. HP: 47/67 MP: 14/20
   830 | D        | Killed a merfolk
   935 | D        | Noticed a boulder beetle
   951 | D        | Killed a boulder beetle
   952 | D        | Reached skill level 10 in Unarmed Combat
   952 | D        | Reached XP level 9. HP: 69/74 MP: 17/22
   964 | D        | Noticed a phantasmal warrior
   972 | D        | Killed a phantasmal warrior
  1245 | D        | Noticed a sea snake
  1245 | D        | Noticed a swamp dragon
  1253 | D        | Killed a sea snake
  1254 | D        | Reached skill level 10 in Spellcasting
  1255 | D        | Reached XP level 10. HP: 83/83 MP: 19/24
  1256 | D        | Killed a swamp dragon
  1257 | D        | Reached skill level 10 in Dodging
  1333 | D        | Noticed Psyche
  1348 | D        | Killed Psyche
  1366 | D        | Reached skill level 10 in Invocations
  1387 | D        | Noticed Maurice
  1388 | D        | Noticed a cane toad
  1400 | D        | Killed a shadow wraith
  1416 | D        | Killed Maurice
  1417 | D        | Reached skill level 10 in Fighting
  1422 | D        | Killed a cane toad
  1518 | D        | Noticed a black mamba
  1518 | D        | Noticed a sun demon
  1525 | D        | Noticed a vampire mage
  1537 | D        | Noticed a two-headed ogre
  1543 | D        | Killed a sun demon
  1544 | D        | Reached skill level 10 in Short Blades
  1544 | D        | Reached skill level 10 in Long Blades
  1544 | D        | Reached skill level 10 in Axes
  1544 | D        | Reached skill level 10 in Maces & Flails
  1544 | D        | Reached skill level 10 in Polearms
  1544 | D        | Reached skill level 10 in Staves
  1544 | D        | Reached skill level 10 in Ranged Weapons
  1544 | D        | Reached skill level 10 in Throwing
  1544 | D        | Reached skill level 10 in Armour
  1544 | D        | Reached skill level 10 in Stealth
  1544 | D        | Reached skill level 10 in Shields
  1544 | D        | Reached skill level 10 in Evocations
  1544 | D        | Reached XP level 11. HP: 87/92 MP: 22/26
  1546 | D        | Killed a two-headed ogre
  1551 | D        | Killed a vampire mage
  1763 | D        | Noticed a deep troll
  1763 | D        | Noticed a manticore
  1763 | D        | Noticed a naga ritualist
  1770 | D        | Killed a deep troll
  1775 | D        | Killed a manticore
  1776 | D        | Reached skill level 10 in Transmutations
  1788 | D        | Killed a naga ritualist
  2153 | D        | Noticed Eustachio
  2167 | D        | Killed Eustachio
  2198 | D        | Reached XP level 12. HP: 99/102 MP: 28/28
  2224 | D        | Noticed a centaur warrior
  2224 | D        | Noticed Josephine
  2232 | D        | Killed a centaur warrior
  2234 | D        | Killed Josephine
  2235 | D        | Reached skill level 10 in Conjurations
  2235 | D        | Reached skill level 10 in Hexes
  2235 | D        | Reached skill level 10 in Summonings
  2235 | D        | Reached skill level 10 in Necromancy
  2235 | D        | Reached skill level 10 in Translocations
  2235 | D        | Reached skill level 10 in Fire Magic
  2235 | D        | Reached skill level 10 in Ice Magic
  2235 | D        | Reached skill level 10 in Air Magic
  2235 | D        | Reached skill level 10 in Earth Magic
  2235 | D        | Reached skill level 10 in Poison Magic
  2357 | D        | Noticed an ice dragon
  2359 | D        | Noticed a storm dragon
  2367 | D        | Killed an ice dragon
  2374 | D        | Noticed an ogre mage
  2377 | D        | Killed a storm dragon
  2388 | D        | Killed an ogre mage
  2424 | D        | Noticed a lich
  2432 | D        | Killed a lich
  2653 | D        | Learned a level 1 spell: Magic Dart
  2653 | D        | Noticed a black draconian
  2653 | D        | Noticed a deep elf demonologist
  2654 | D        | Noticed a lich
  2674 | D        | Killed a black draconian
  2822 | D        | Noticed a deep elf demonologist
  2826 | D        | Killed a deep elf demonologist
  2838 | D        | Noticed a deep elf sorcerer
  2847 | D        | Killed a deep elf sorcerer
  2852 | D        | Killed a deep elf demonologist
  2912 | D        | Noticed a lich
  2923 | D        | Noticed a purple draconian
  2924 | D        | Killed a lich
  2925 | D        | Reached XP level 13. HP: 102/111 MP: 25/30
  2930 | D        | Killed a lich
  2933 | D        | Killed a purple draconian
  3095 | D        | Noticed a deep elf sorcerer
  3102 | D        | Killed a deep elf sorcerer
  3473 | D        | Noticed a nagaraja
  3475 | D        | Noticed a lich
  3475 | D        | Noticed a purple draconian shifter
  3477 | D        | Noticed a deep elf annihilator
  3487 | D        | Killed a nagaraja
  3488 | D        | Reached skill level 15 in Unarmed Combat
  3492 | D        | HP: 3/112 [purple draconian shifter/+0 long sword (15)]
  3502 | D        | Killed a lich
  3517 | D        | Killed a purple draconian shifter
  3518 | D        | Reached skill level 15 in Invocations
  3520 | D        | Killed a deep elf annihilator
  3681 | D        | Noticed a deep elf death mage
  3683 | D        | Noticed a nagaraja
  3690 | D        | Killed a deep elf death mage
  3699 | D        | Killed a nagaraja
  3727 | D        | Got the Book of Frigorific Darkness
  3748 | D        | Got the Grimoire of Metamorphosis
  3756 | D        | Got the Grimoire of Distance
  3772 | D        | Got the Thoughts on Spellbinding and Hyperthermia
  4127 | D        | Got the ring "Qojeh" {Will- EV+6 Dex+4}
  4131 | D        | Got the ring "Ironir" {rC+ rN++ Str-2 Dex+2 Slay+3}
  4136 | D        | Got the ring of Leletam {rF+ Dex+4}
  4138 | D        | Got the ring of Attitude {Wiz rElec}
  4140 | D        | Got the ring of Wudwia Gueri {Dex+6 Stlth+}
  4142 | D        | Got the ring of the Hero {rElec AC+6 Str+3 Dex+3 Slay-6
                  | Stlth+}
  4144 | D        | Got the ring of Yendor {Fire rPois Will+ Int+3}
  4146 | D        | Got the ring "Vashagra" {Fire rElec rPois Str+3 Dex+3}
  4149 | D        | Got the ring of Loelorgh {rPois Int+3}
  4151 | D        | Got the ring of Yckomyaw {Will+ AC+6 Str-3 Int+8 Dex-2}
  4171 | D        | Got the amulet "Haumauwk" {Reflect Dex+4 SH+5}
  4174 | D        | Got the ring of Tasimat {Fly Int+3 Dex+3}
  4176 | D        | Got the ring "Wecira" {Drain rC+ Will+++ MP-9 Str+2}
  4178 | D        | Got the amulet of Faomn {Regen+ Str+3}
  4180 | D        | Got the amulet of Ohaushra {Faith Int+3 Dex+3 SInv}
  4182 | D        | Got the amulet "Wymek" {Faith Will+ rCorr}
  4185 | D        | Got the amulet of Ikhlausso {Faith Int-3 Dex+3}
  4187 | D        | Got the ring "Cittips" {Contam rPois rC++ Dex+3 SInv}
  4189 | D        | Got the amulet of Life {RegenMP Harm}
  4192 | D        | Got the amulet "Xocojip" {Fragile rElec rF+ Regen+ Int+6}
  4194 | D        | Got the amulet "Xotili" {Reflect rElec SH+5 SInv}
  4197 | D        | Got the ring "Hiawewul" {rC+ Will++ Str+3}
  4200 | D        | Got the amulet of Lies {RegenMP rF+ Int+3}
  4223 | D        | Learned a level 7 spell: Malign Gateway
  4231 | D        | Learned a level 7 spell: Dragon Form
  4239 | D        | Learned a level 7 spell: Storm Form
  4245 | D        | Learned a level 5 spell: Irradiate
  4310 | D        | Noticed an orc warlord
  4313 | D        | Reached skill level 15 in Spellcasting
  4313 | D        | Noticed an orc warlord
  4320 | D        | Killed an orc warlord
  4323 | D        | Slain by an orc knight

Illustrated notes

Levels and vault maps discovered:
D:        pitsprint [storerooms_1, entrance_room_1, metal_vault_7, armoury_1,
          mini_pit_1, grid_room_1, main_hall_1, silver_pit, the_coven_1,
          the_vestibule_1, steel_vault_2, golden_pit, hallway_of_sentries,
          crystal_vault_5, iron_vault_4, final_vault]

Skill      XL: |  1  2  3  4  5  6  7  8  9 10 11 12 13 |
---------------+----------------------------------------+-----
Spellcasting   | 5 6 7 8 9 10 11 12 13 15 | 15.0
Invocations    | 1 3 4 6 7 8 9 10 12 14 15 | 15.4
Short Blades   | 1 3 4 5 6 7 8 10 11 13 14 | 14.2
Long Blades    | 1 3 4 5 6 7 8 10 11 13 14 | 14.2
Axes           | 1 3 4 5 6 7 8 10 11 13 14 | 14.2
Maces & Flails | 1 3 4 5 6 7 8 10 11 13 14 | 14.2
Polearms       | 1 3 4 5 6 7 8 10 11 13 14 | 14.2
Staves         | 1 3 4 5 6 7 8 10 11 13 14 | 14.2
Ranged Weapons | 1 3 4 5 6 7 8 10 11 13 14 | 14.2
Throwing       | 1 3 4 5 6 7 8 10 11 13 14 | 14.2
Armour         | 1 3 4 5 6 7 8 10 11 13 14 | 14.4
Stealth        | 1 3 4 5 6 7 8 10 11 13 14 | 14.2
Shields        | 1 3 4 5 6 7 8 10 11 13 14 | 14.2
Evocations     | 1 3 4 5 6 7 8 10 11 13 14 | 14.2
Conjurations   | 1 2 3 4 5 6 7 8 9 11 12 | 12.1
Hexes          | 1 2 3 4 5 6 7 8 9 11 12 | 12.1
Summonings     | 1 2 3 4 5 6 7 8 9 11 12 | 12.1
Necromancy     | 1 2 3 4 5 6 7 8 9 11 12 | 12.1
Translocations | 1 2 3 4 5 6 7 8 9 11 12 | 12.1
Fire Magic     | 1 2 3 4 5 6 7 8 9 11 12 | 12.1
Ice Magic      | 1 2 3 4 5 6 7 8 9 11 12 | 12.1
Air Magic      | 1 2 3 4 5 6 7 8 9 11 12 | 12.1
Earth Magic    | 1 2 3 4 5 6 7 8 9 11 12 | 12.1
Poison Magic   | 1 2 3 4 5 6 7 8 9 11 12 | 12.1
Fighting       | 4 5 6 7 8 9 10 11 13 14 | 14.5
Dodging        | 5 6 7 8 9 11 12 13 14 | 14.9
Unarmed Combat | 7 8 9 10 11 13 14 15 | 15.5
Transmutations | 4 5 6 7 8 9 10 11 12 | 12.7

Action                     |  1- 3 |  4- 6 |  7- 9 | 10-12 | 13-15 || total
---------------------------+-------+-------+-------+-------+-------++-------
  Melee: Unarmed           |    25 |    19 |    54 |   203 |    73 ||   374
         Headbutt          |     4 |       |       |       |       ||     4
         Kick              |     3 |       |       |       |       ||     3
         Bite              |     1 |       |       |     1 |       ||     2
         Punch             |     1 |       |       |       |     1 ||     2
         Tailslap          |       |       |       |       |     1 ||     1
   Cast: Beastly Appendage |     3 |     1 |       |       |       ||     4
         Wereblood         |       |     1 |     3 |     9 |     6 ||    19
         Spider Form       |       |     1 |       |     1 |       ||     2
         Ice Form          |       |       |     5 |    12 |     6 ||    23
         Magic Dart        |       |       |       |       |     2 ||     2
         Dragon Form       |       |       |       |       |     1 ||     1
 Invoke: Slouch            |       |     1 |       |     4 |     5 ||    10
    Use: Potion            |       |       |       |     6 |     5 ||    11
         Scroll            |       |       |       |     1 |     3 ||     4
   Stab: Sleeping          |     2 |       |     1 |       |       ||     3
 Armour: Robe              |     4 |       |       |       |     1 ||     5
         Skin              |       |     1 |    13 |    59 |    23 ||    96
  Dodge: Dodged            |    16 |    32 |    70 |   243 |    91 ||   452

Table legend: (Time is in decaauts)
 A = Elapsed time spent in this place.
 B = Non-inter-level travel time spent in this place.
 C = Inter-level travel time spent in this place.
 D = Time resting spent in this place.
 E = Time spent auto-exploring this place.
 F = Levels seen in this place.
 G = Mean time per level.
                   A        B        C        D        E       F      G
               +--------+--------+--------+--------+--------+-----+--------+
         Total |   5053 |   4858 |    195 |   2742 |      0 |   1 | 5053.0 |
       Dungeon |   5053 |   4858 |    195 |   2742 |      0 |   1 | 5053.0 |
               +--------+--------+--------+--------+--------+-----+--------+

Top non-repeatable levels by time:
       D: 5053 daAuts
